 Dungeon Crawl Stone Soup version 0.32-a0-791-gfc315c9ecd (webtiles) character file.

Game seed: 12959714991739377007

2104 backslashecho the Cleaver (level 9, -9/47 HPs)
             Began as a Vine Stalker Gladiator on Mar 20, 2024.
             Was an Initiate of Trog.
             Mangled by a two-headed ogre
             ... wielding a +0 dire flail
              (21 damage)
             ... on level 6 of the Dungeon.
             The game lasted 00:11:41 (5428 turns).

backslashecho the Cleaver (Vine Stalker Gladiator)  Turns: 5428, Time: 00:11:41

Health: -9/47      AC: 15    Str: 20    XL:     9   Next: 28%
Magic:  0/10       EV:  7    Int:  8    God:    Trog [......]
Gold:   329        SH: 10    Dex: 17    Spells: 8/8 levels left

rFire   . . .        a - +0 war axe
rCold   . . .        D - +0 buckler
rNeg    . . .        i - +0 chain mail
rPois   .            c - +0 helmet
rElec   .            m - scarf {+Inv}
rCorr   .            f - +0 pair of gloves
SInv    .            x - +0 pair of boots
Will    +....        t - amulet of reflection Stlth
                     k - +4 ring of protection
HPRegen 1.07/turn    (no ring)
MPRegen 0.12/turn

%: reflection, guardian spirit
@: no status effects
A: fangs 3, regeneration 1, magic shield, antimagic bite, no potion heal 2
a: Renounce Religion, Evoke Invisibility


You were on level 6 of the Dungeon.
You worshipped Trog.
Trog was noncommittal.
You visited 2 branches of the dungeon, and saw 7 of its levels.

You collected 329 gold pieces.

Inventory:

Hand Weapons
 a - a +0 war axe (weapon)
Missiles
 e - a javelin
Armour
 c - a +0 helmet (worn)
 f - a +0 pair of gloves (worn)
 i - a +0 chain mail (worn)
 m - a scarf of invisibility (worn)
 x - a +0 pair of boots (worn)
 D - a +0 buckler (worn)
Jewellery
 k - a +4 ring of protection (left hand)
 t - an amulet of reflection (around neck)
Wands
 p - a wand of digging (2)
Scrolls
 b - a scroll of silence {unknown}
 h - a scroll of revelation {unknown}
 l - a scroll of teleportation
 q - a scroll of butterflies {unknown}
 r - 2 scrolls of noise
 s - a scroll of vulnerability
 v - 3 scrolls of enchant weapon
 w - a scroll of immolation {unknown}
 y - a scroll of torment {unknown}
 A - a scroll of poison {unknown}
Potions
 g - a potion of attraction
 j - 2 potions of cancellation
 n - 3 potions of curing
 o - 4 potions of might
 u - a potion of mutation
 z - a potion of resistance
 B - a potion of enlightenment {unknown}


   Skills:
 - Level 5.0 Fighting
 * Level 9.2 Axes
 - Level 3.0 Throwing
 - Level 2.0 Armour
 - Level 2.4 Dodging
 + Level 2.5 Shields


You had 8 spell levels left.
You didn't know any spells.
Your spell library contained the following spells:

 Spells                   Type           Power      Damage    Failure   Level
 Apportation              Tloc           0%         N/A       99%         1
 Necrotise                Necr           0%         1d4       99%         1
 Sting                    Conj/Alch      0%         1d3       99%         1
 Summon Small Mammal      Summ           0%         N/A       99%         1
 Dazzling Flash           Conj/Hex       0%         N/A       100%        3
 Mephitic Cloud           Conj/Alch/Air  0%         N/A       100%        3
 Curse of Agony           Necr           0%         N/A       100%        5
 Silence                  Hex/Air        0%         N/A       100%        5


Dungeon Overview and Level Annotations

Branches:
Dungeon (6/15)             Temple (1/1) D:6

Altars:
Ashenzari
Cheibriados
Dithmenos
Elyvilon
Fedhas
Gozag
Hepliaklqana
Kikubaaqudgha
Makhleb
Nemelex Xobeh
Okawaru
Qazlal
Sif Muna
Trog
Vehumet
Wu Jian
Xom
Yredelemnul
Zin
The Shining One


Innate Abilities, Weirdness & Mutations

You have razor-sharp teeth.
Your natural rate of healing is unusually fast.
When hurt, damage is shared between your health and your magic reserves.
Your bite disrupts and absorbs the magic of your enemies.
Potions cannot restore your health.


Message History

The steam dragon is almost dead.
The steam dragon breathes steam at you. The ball of steam hits you!
You take 6 damage, and have 39/47 hp.
You now have 8/10 mp.
You hit the steam dragon but do no damage.
Your bite misses the steam dragon.
The steam dragon is almost dead.
You are engulfed in a cloud of scalding steam.
The steam dragon bites you but does no damage.
You block the steam dragon's attack.
You hit the steam dragon but do no damage.
You bite the steam dragon. You drain its power.
You feel invigorated.
The steam dragon is almost dead.
You are engulfed in a cloud of scalding steam.
The steam dragon barely misses you. You block the steam dragon's attack.
You take 8 damage, and have 32/47 hp.
You now have 7/10 mp.
You hit the steam dragon but do no damage.
The steam dragon is almost dead.
You are engulfed in a cloud of scalding steam.
You block the steam dragon's attack. x2
The steam dragon bites you but does no damage.
The steam dragon barely misses you.
You hit the steam dragon but do no damage.
You bite the steam dragon, but do no damage.
The steam dragon is almost dead.
The steam dragon breathes steam at you. The ball of steam misses you.
You slash the steam dragon!
You kill the steam dragon!
Trog accepts your kill.
You are engulfed in a cloud of scalding steam.
You regained 2 hp, and now have 37/47 hp.
Magic restored.
Found a potion of heal wounds.
Health restored: 47; MP restored: 10
Found a stone staircase leading down.
The two-headed ogre shouts in stereo!
A two-headed ogre is nearby!
Okay, then.
You hit the two-headed ogre.
The two-headed ogre is lightly wounded.
You block the two-headed ogre's attack. The two-headed ogre barely misses you.
You throw a throwing net.
The throwing net completely misses the two-headed ogre.
The two-headed ogre barely misses you.
The two-headed ogre hits you with a +0 giant spiked club!!
You take 19 damage, and have 28/47 hp.
MASSIVE DAMAGE!!
You now have 6/10 mp.
The two-headed ogre hits you but does no damage.
The two-headed ogre hits you with a +0 giant spiked club!!
* * * LOW HITPOINT WARNING * * *
You take 19 damage, and have 10/47 hp.
MASSIVE DAMAGE!!
You now have 2/10 mp.
There is a stone staircase leading down here.
The two-headed ogre attacks as it pursues you!
The two-headed ogre closely misses you. The two-headed ogre barely misses you.
You see here a throwing net.
d - a throwing net Throw: throwing net
Press: ? - help, Q - select action, (/) - cycle Shift-Dir - straight line, f/p - two-headed ogre
Aim: a two-headed ogre, wielding a +0 dire flail and a +0 giant spiked club (lightly wounded, 75% to hit)
You throw a throwing net.
The throwing net hits the two-headed ogre.
The two-headed ogre is caught in the net!
The two-headed ogre is lightly wounded.
The two-headed ogre struggles against the net.
You catch the helpless two-headed ogre completely off-guard!
You slash the two-headed ogre!
You bite the two-headed ogre, but do no damage.
The two-headed ogre is moderately wounded.
The two-headed ogre struggles against the net.
You catch the helpless two-headed ogre completely off-guard!
You hit the two-headed ogre but do no damage.
You bite the two-headed ogre, but do no damage.
The two-headed ogre is moderately wounded.
The two-headed ogre struggles against the net.
You slash the two-headed ogre!
The two-headed ogre is heavily wounded.
The two-headed ogre struggles against the net.
You regained 2 hp, and now have 19/47 hp.
You hit the two-headed ogre but do no damage.
You bite the two-headed ogre. You drain its power.
You feel invigorated.
The two-headed ogre is heavily wounded.
The two-headed ogre struggles against the net.
The net rips apart, and the two-headed ogre comes free!
MP restored: 10 You slash the two-headed ogre!
The two-headed ogre is severely wounded.
You block the two-headed ogre's attack. x2
You hit the two-headed ogre. Your bite misses the two-headed ogre.
The two-headed ogre is severely wounded.
You block the two-headed ogre's attack.
The two-headed ogre hits you with a +0 giant spiked club!!
* * * LOW HITPOINT WARNING * * *
You take 11 damage, and have 10/47 hp.
MASSIVE DAMAGE!!
You now have 4/10 mp.
You hit the two-headed ogre.
The two-headed ogre is almost dead.
You barely miss the two-headed ogre.
The two-headed ogre is almost dead.
You block the two-headed ogre's attack.
The two-headed ogre hits you with a +0 giant spiked club!!
You die...

#....# #..## ..#..###...#### #..#
.##...#.......## #..# #.#..# #
###.....###....# ##..# #.##.# #
##.###.#####.#.# #...###.##.#####
#.###..# #DO...###.#..##.##.#..#.
####...# #.#.....#.#.....##....#.
......####O##..#.#.#.....#...>##.
####....##.##..#@O>........#..##.
#.###.......#................###.
##.###.###>..............###..##.
###....##................# ##.#..
.##.......#.............## #....
..#...######.....##.#...# ##..#
......# ###...#.....#..#####....
.#....####....................#..
...)#...........≈≈≈≈≈........#...


You could see a two-headed ogre.

Vanquished Creatures
  Pikel (D:4)
  A troll (D:6)
  A shadow (D:6)
  A steam dragon (D:6)
  Menkaure (D:5)
  Duvessa (D:4)
  2 ice beasts
  2 black bears
  A lemure (D:4)
  2 gnoll sergeants (D:6)
  A scorpion (D:4)
  Dowan (D:4)
  A bombardier beetle (D:3)
  2 hounds
  Terence (D:2)
  An iguana (D:5)
  7 gnolls
  10 adders
  A shadow imp (D:5)
  2 ufetubi (D:5)
  4 dart slugs
  3 ribbon worms (D:3)
  2 orcs
  7 bats
  3 endoplasms
  6 giant cockroaches
  5 goblins
  8 hobgoblins
  3 quokkas
  6 ball pythons
  8 frilled lizards
  11 kobolds
  4 rats
110 creatures vanquished.

Notes
Turn   | Place    | Note
-------+----------+-------------------------------------------
     0 | D:1      | backslashecho the Vine Stalker Gladiator began the quest
                  | for the Orb.
     0 | D:1      | Reached XP level 1. HP: 11/11 MP: 2/2
    87 | D:1      | Reached skill level 3 in Axes
    87 | D:1      | Reached XP level 2. HP: 14/15 MP: 1/3
   290 | D:1      | Found a faded altar of an unknown god.
   403 | D:1      | Reached XP level 3. HP: 18/18 MP: 4/4
  1178 | D:2      | Reached XP level 4. HP: 16/23 MP: 5/5
  1241 | D:2      | Reached skill level 4 in Axes
  1255 | D:2      | Noticed Terence
  1294 | D:2      | Killed Terence
  1336 | D:2      | Reached XP level 5. HP: 28/28 MP: 6/6
  2178 | D:3      | Noticed a black bear
  2183 | D:3      | Killed a black bear
  2184 | D:3      | Reached skill level 5 in Axes
  2184 | D:3      | Reached XP level 6. HP: 19/32 MP: 4/7
  2983 | D:4      | Noticed Pikel
  3001 | D:4      | Killed Pikel
  3002 | D:4      | Reached skill level 6 in Axes
  3002 | D:4      | Reached XP level 7. HP: 35/38 MP: 6/8
  3177 | D:4      | Reached skill level 7 in Axes
  3177 | D:4      | Gained mutation: You have razor-sharp teeth. [Vine Stalker
                  | growth]
  3177 | D:4      | Reached XP level 8. HP: 42/42 MP: 9/9
  3213 | D:4      | Found a snail-covered altar of Cheibriados.
  3274 | D:4      | Noticed Duvessa
  3274 | D:4      | Noticed Dowan
  3294 | D:4      | Killed Duvessa
  3295 | D:4      | Reached skill level 5 in Fighting
  3664 | D:4      | Killed Dowan
  3743 | D:4      | Found a sparkling altar of Nemelex Xobeh.
  3774 | D:4      | Found a stormy altar of Qazlal.
  3821 | D:5      | Entered Level 5 of the Dungeon
  3944 | D:5      | Found a shimmering altar of Xom.
  3944 | D:5      | Found a glowing silver altar of Zin.
  3944 | D:5      | Noticed an angel
  3946 | D:5      | Noticed Menkaure
  3962 | D:5      | Killed Menkaure
  3963 | D:5      | Reached skill level 1 in Armour
  4150 | D:5      | Found a burning altar of Makhleb.
  4637 | D:6      | Reached skill level 8 in Axes
  4677 | D:6      | Found a staircase to the Ecumenical Temple.
  4715 | Temple   | Entered the Ecumenical Temple
  4722 | Temple   | Became a worshipper of Trog the Wrathful
  4863 | D:6      | Noticed a two-headed ogre
  4865 | D:6      | HP: 2/43 [steam dragon] (7)]
  5095 | D:6      | Noticed a troll
  5108 | D:6      | Killed a troll
  5109 | D:6      | Reached skill level 1 in Shields
  5109 | D:6      | Reached XP level 9. HP: 35/47 MP: 10/10
  5205 | D:6      | Reached skill level 9 in Axes
  5428 | D:6      | Mangled by a two-headed ogre

Illustrated notes

Levels and vault maps discovered:
D:1:      amcnicky_arrival_abandoned_market, layout_basic,
          dreamdust_ecumenical_altar_grove
D:2:      layout_basic, minmay_vboxes, uniq_terence
D:3:      layout_basic, minmay_bisected
D:4:      layout_basic, lemuel_doored_altar, mainiacjoe_overflow_two_lobes,
          minmay_misc_feat_alley, uniq_duvessa, uniq_pikel
D:5:      layout_basic, grunt_temple_overflow_order_and_chaos_1, bloody_makhleb,
          uniq_menkaure
D:6:      layout_rooms, temple_pool_b, kb_rosetta
Temple:   nicolae_temple_ecumenical_triangle

Skill      XL: |  1  2  3  4  5  6  7  8  9 |
---------------+----------------------------+-----
Fighting       | 2 3 4 5 |  5.0
Axes           | 3 4 5 6 7 8 9 |  9.2
Throwing       | 2 3 |  3.0
Armour         | 2 |  2.0
Shields        | 1 2 |  2.5
Dodging        | |  2.4

Action                     |  1- 3 |  4- 6 |  7- 9 || total
---------------------------+-------+-------+-------++-------
  Melee: War axe           |    84 |    99 |   176 ||   359
         Bite              |    11 |    27 |    51 ||    89
  Throw: Throwing net      |       |     5 |     4 ||     9
    Use: Scroll            |       |     3 |    10 ||    13
         Potion            |       |     1 |       ||     1
   Stab: Sleeping          |     1 |       |       ||     1
         Held in net/web   |       |     2 |     3 ||     5
 Armour: Leather armour    |    13 |       |       ||    13
         Chain mail        |    71 |    68 |   163 ||   302
  Dodge: Dodged            |    35 |    45 |    78 ||   158
  Block: Other             |       |     9 |    22 ||    31
         Reflection        |       |     1 |     1 ||     2
         Buckler           |       |       |    60 ||    60

Table legend: (Time is in decaauts)
 A = Elapsed time spent in this place.
 B = Non-inter-level travel time spent in this place.
 C = Inter-level travel time spent in this place.
 D = Time resting spent in this place.
 E = Time spent auto-exploring this place.
 F = Levels seen in this place.
 G = Mean time per level.
                   A        B        C        D        E       F      G
               +--------+--------+--------+--------+--------+-----+--------+
         Total |   5509 |   5057 |    452 |    137 |   3669 |   7 |  787.0 |
       Dungeon |   5482 |   5030 |    452 |    137 |   3669 |   6 |  913.7 |
        Temple |     26 |     26 |      0 |      0 |      0 |   1 |   26.0 |
               +--------+--------+--------+--------+--------+-----+--------+

Top non-repeatable levels by time:
     D:3: 1067 daAuts
     D:1: 973 daAuts
     D:2: 963 daAuts
     D:4: 955 daAuts
     D:5: 891 daAuts
     D:6: 630 daAuts
  Temple: 26 daAuts
